Map: Cerulean Fall LE

Players

Inteuniso - Winner!

  • Race: Protoss Protoss
  • League: Silver
  • Spawn Location: 7:00

Jason

  • Race: Protoss Protoss
  • League: Silver
  • Spawn Location: 1:00

VOD

Have the link to the VOD?

Description

There are a lot of mistakes made this game, but it should emphasize that messy play does not guarantee a loss. Also you're not going to know what to do if you don't explore.

Time

  • Played on: Oct. 5, 2018, 4:40 p.m.
  • Length: 19:05
Show
View Real Time Build Order
Export as new Build Order

Inteuniso Protoss - Winner!

Build Orders:  

Get SALT Encoding   

  1  0:00  Probe  
  12  0:06  Probe  
  14  0:15  Probe  
  15  0:22  Pylon  
  15  0:30  Assimilator  
  15  0:40  Probe  
  16  0:43  Gateway  
  16  0:52  Probe  
  17  0:59  Pylon  
  17  1:04  Probe  
  17  1:10  Assimilator  
  18  1:12  Probe  
  19  1:20  Probe  
  20  1:29  Forge  
  20  1:51  Cybernetics Core  
  20  1:55  Gateway  
  20  1:59  Probe  
  21  2:07  Protoss Shields Level 1, Probe  
  22  2:15  Probe  
  23  2:25  Probe  
  24  2:31  Pylon, Warp Gate  
  24  2:34  Adept  
  26  2:38  Probe  
  26  2:42  Adept  
  30  2:51  Probe  
  30  2:53  Adept  
  30  3:04  Probe  
  33  3:09  Adept  
  35  3:16  Probe  
  36  3:27  Nexus  
  36  3:39  Pylon  
  36  3:41  Probe  
  37  3:49  Zealot  
  39  3:57  Probe, Zealot  
  39  3:58  Pylon  
  42  4:07  Twilight Council  
  42  4:26  Protoss Ground Weapons Level 1  
  42  4:42  Probe  
  43  4:49  Probe  
  44  4:54  Probe  
  44  4:59  Zealot x2  
  49  5:01  Probe  
  50  5:09  Nexus  
  50  5:15  Resonating Glaives  
  50  5:17  Probe  
  50  5:21  Probe  
  52  5:29  Probe  
  52  5:33  Probe  
  54  5:44  Pylon  
  54  5:46  Probe  
  55  5:53  Probe  
  55  5:54  Assimilator  
  55  5:56  Assimilator  
  55  5:58  Probe  
  55  6:01  Templar Archives  
  55  6:02  Probe  
  57  6:05  Pylon  
  57  6:08  Gateway  
  57  6:10  Gateway  
  58  6:12  Pylon  
  58  6:14  Pylon  
  58  6:24  Probe  
  60  6:25  Probe  
  60  6:26  Probe  
  61  6:36  Probe  
  61  6:37  Probe  
  61  6:38  Probe  
  61  6:39  Protoss Ground Weapons Level 2  
  64  6:40  High Templar x2  
  64  6:43  Pylon  
  68  6:47  Probe  
  68  6:48  Shield Battery  
  68  6:49  Probe  
  70  6:55  Probe  
  70  6:56  Probe  
  72  7:02  Probe  
  72  7:03  Forge  
  72  7:06  Psionic Storm  
  72  7:08  Probe  
  74  7:14  Probe  
  75  7:20  Probe, Robotics Facility  
  75  7:21  Robotics Facility  
  76  7:26  Gateway, Probe  
  76  7:29  Gateway  
  77  7:31  Gateway  
  77  7:35  Pylon  
  75  7:39  Pylon  
  75  7:46  Zealot x3  
  75  7:47  Zealot  
  75  7:51  Assimilator  
  83  7:54  Assimilator  
  83  8:13  High Templar  
  83  8:14  Nexus, High Templar x2  
  83  8:15  High Templar  
  83  8:18  Protoss Ground Armor Level 1  
  91  8:23  Probe  
  91  8:24  Probe  
  91  8:25  Probe  
  94  8:35  Probe  
  94  8:36  Probe  
  94  8:37  Probe  
  94  8:40  Gateway  
  94  8:41  Gateway  
  97  8:43  Gateway  
  97  8:46  Gateway  
  97  8:48  Gateway  
  97  8:52  Gateway  
  97  9:00  Pylon  
  97  9:06  Pylon  
  97  9:13  Pylon  
  97  9:16  Protoss Ground Weapons Level 3  
  97  9:17  Pylon  
  97  9:24  High Templar  
  99  9:25  High Templar x2  
  99  9:26  High Templar  
  105  9:40  Charge  
  105  9:45  Zealot x3  
  109  9:46  Zealot x2  
  109  9:47  Zealot x2  
  109  9:49  Warp Prism x2  
  109  9:50  Adept  
  109  9:51  Adept  
  127  10:11  Probe, Pylon  
  127  10:13  Probe  
  130  10:14  Probe  
  130  10:23  Assimilator  
  130  10:24  Probe, High Templar  
  130  10:25  Probe, High Templar x2  
  130  10:26  Probe, Assimilator  
  130  10:27  High Templar  
  141  10:29  High Templar  
  141  10:30  High Templar x2  
  141  10:33  Adept x3  
  141  10:34  Adept x3  
  159  10:37  Probe  
  160  10:45  Probe  
  161  11:01  Pylon  
  161  11:20  Pylon  
  161  11:23  Adept x2  
  161  11:24  Adept  
  167  11:25  Adept  
  167  11:26  Adept x2  
  167  11:27  Adept x2  
  167  11:28  Adept  
  167  11:29  Adept  
  167  11:30  Adept  
  167  11:31  Adept  
  167  11:32  Adept  
  187  11:50  Pylon  
  163  12:25  High Templar  
  163  12:26  High Templar x6  
  163  12:27  High Templar x3  
  171  13:05  Archon x3  
  153  13:06  Archon  
  97  13:39  Cybernetics Core  
  97  13:42  Pylon  
  97  13:44  Forge  
  95  14:30  Archon x4  
  79  14:40  Probe  
  77  14:52  Probe  
  77  14:56  Pylon  
  77  14:58  Pylon  
  75  15:01  Pylon  
  75  15:03  Pylon  
  60  15:10  Twilight Council  
  60  15:12  Photon Cannon  
  55  15:17  Photon Cannon  
  55  15:18  Photon Cannon  
  55  15:19  Shield Battery  
  55  15:24  Stalker x3  
  55  15:25  Stalker x2  
  59  15:32  Gateway x2  
  59  15:34  Gateway  
  56  15:36  Gateway  
  56  15:38  Gateway  
  55  15:44  Photon Cannon  
  55  15:49  Photon Cannon  
  50  16:00  Nexus  
  50  16:27  Cybernetics Core  
  50  16:41  Nexus  
  40  17:21  Nexus  
  34  17:32  Stalker  
  34  17:33  Stalker x3  
  34  17:34  Stalker x3  
  34  17:35  Stalker  
  50  17:37  Stalker  
  50  17:43  Shield Battery  
  52  17:45  Shield Battery  
  52  18:06  Stalker x2  
  52  18:07  Stalker  
  52  18:08  Stalker x2  
  62  18:15  Pylon  
  62  18:17  Pylon  
  62  18:20  Pylon  
  62  18:26  Pylon  
  47  18:38  Stalker  
  47  18:40  Stalker  
  47  18:41  Stalker x3  
  43  18:42  Stalker x3  
Show
View Real Time Build Order
Export as new Build Order

Jason Protoss 

Build Orders:  

Get SALT Encoding   

  12  0:02  Probe  
  13  0:10  Probe  
  14  0:19  Probe  
  15  0:40  Pylon  
  15  0:58  Probe  
  15  1:02  Gateway  
  16  1:12  Pylon  
  16  1:16  Probe  
  16  1:24  Probe, Pylon  
  17  1:27  Assimilator  
  18  1:33  Assimilator  
  18  1:34  Probe  
  19  1:46  Probe  
  20  1:50  Zealot  
  22  1:58  Probe  
  23  2:10  Probe  
  24  2:21  Pylon  
  24  2:22  Probe  
  25  2:25  Zealot  
  27  2:45  Pylon  
  27  3:05  Pylon  
  27  3:15  Zealot  
  27  3:16  Pylon  
  27  3:18  Pylon  
  29  3:27  Pylon  
  29  3:34  Pylon  
  29  3:42  Zealot  
  31  3:51  Forge  
  31  4:01  Pylon  
  31  4:06  Cybernetics Core  
  30  4:28  Zealot  
  24  4:46  Photon Cannon  
  24  4:50  Photon Cannon  
  24  4:55  Photon Cannon  
  24  5:01  Photon Cannon  
  24  5:06  Photon Cannon  
  22  5:11  Pylon  
  22  5:17  Pylon  
  22  5:31  Photon Cannon  
  22  5:46  Photon Cannon  
  22  5:54  Photon Cannon  
  22  6:02  Stargate  
  22  6:08  Stargate  
  22  6:13  Stargate  
  22  6:48  Pylon  
  22  6:53  Photon Cannon  
  22  7:00  Void Ray x3  
  33  7:49  Void Ray  
  33  7:50  Void Ray  
  41  7:54  Void Ray  
  45  8:12  Pylon  
  45  8:42  Void Ray x2  
  53  9:01  Void Ray  
  57  9:41  Void Ray  
  57  9:42  Void Ray  
  65  10:02  Gateway  
  65  10:12  Gateway  
  65  10:29  Void Ray  
  69  11:22  Void Ray x2  
  77  11:33  Void Ray  
  81  11:50  Pylon  
  57  17:13  Nexus  
Tags
 
Add a new tag
Caveats
  • Supply blocks, unpowered buildings, or Contaminate may cause inaccurate times.
  • Supply counts are checked every 10 seconds.